 Dungeon Crawl Stone Soup version 0.31-a0-851-g7ff8af7976 (webtiles) character file.

Game seed: 3101720088141997822

2849 BinkBink the Fighter (level 9, 0/76 (81) HPs)
             Began as a Minotaur Fighter on Oct 6, 2023.
             Was a Follower of the Shining One.
             Slain by a manticore (5 damage)
             ... on level 7 of the Dungeon.
             The game lasted 00:08:36 (5449 turns).

BinkBink the Fighter (Minotaur Fighter)             Turns: 5449, Time: 00:08:37

HP:   0/76 (81)     AC: 13    Str: 31    XL:     9   Next: 46%
MP:   8/8           EV: 11    Int:  5    God:    the Shining One [*.....]
Gold: 195           SH:  5    Dex: 10    Spells: 8/8 levels left

rFire   + + +        w - +1 hand axe (flame)
rCold   . . .        c - +0 buckler
rNeg    . . .        l - +0 fire dragon scales
rPois   +            (helmet restricted)
rElec   +            (no cloak)
rCorr   +            e - +2 pair of gloves
SInv    +            q - +0 pair of boots
Will    +....        (no amulet) Stlth
                     i - ring of see invisible
HPRegen 0.32/turn    y - +6 ring of strength
MPRegen 0.11/turn

%: no passive effects
@: resistant, spiked, glowing, drained, invisible (but backlit and visible)
A: horns 2, retaliatory headbutt, iridescent scales 1, deformed body,
strong-willed 1, MP-powered wands
a: Renounce Religion, Divine Shield


You were on level 7 of the Dungeon.
You worshipped the Shining One.
The Shining One was aware of your devotion.
You visited 1 branch of the dungeon, and saw 7 of its levels.

You collected 207 gold pieces.
You spent 12 gold pieces at shops.

Inventory:

Hand Weapons
 w - a +1 hand axe of flaming (weapon)
Armour
 c - a +0 buckler (worn)
 e - a +2 pair of gloves (worn)
 l - +0 fire dragon scales (worn)
 q - a +0 pair of boots (worn)
Jewellery
 i - a ring of see invisible (left hand)
 x - a ring of fire
 y - a +6 ring of strength (right hand)
 A - a +6 ring of strength
 B - a ring of magical power
 D - a +5 ring of evasion
Wands
 t - a wand of roots (8)
 C - a wand of flame (15)
Scrolls
 f - 2 scrolls of blinking {unknown}
 j - a scroll of vulnerability {unknown}
 k - a scroll of immolation {unknown}
 m - 3 scrolls of identify {unknown}
 p - a scroll of acquirement {unknown}
 u - 3 scrolls of enchant weapon {unknown}
 v - a scroll of amnesia {unknown}
Potions
 a - a potion of curing
 b - a potion of lignification {unknown}
 d - a potion of might
 g - a potion of invisibility
 h - 5 potions of degeneration
 o - a potion of ambrosia {unknown}
 r - 2 potions of mutation
 s - a potion of heal wounds {unknown}
 z - a potion of attraction {unknown}


   Skills:
 * Level 8.3 Fighting
 * Level 7.7 Axes
 * Level 8.1 Armour
 + Level 4.7 Dodging
 * Level 8.3 Shields


You had 8 spell levels left.
You didn't know any spells.
Your spell library contained the following spells:

 Spells                   Type           Power      Damage    Failure   Level
 Freeze                   Ice            0%         1d3       77%         1
 Shock                    Conj/Air       0%         1d3       77%         1
 Frozen Ramparts          Ice            0%         1d1       98%         3
 Hailstorm                Conj/Ice       0%         3d3       98%         3
 Swiftness                Air            0%         N/A       98%         3
 Airstrike                Air            0%         2d(0-16)  100%        4


Dungeon Overview and Level Annotations

Branches:
Dungeon (7/15)             Temple (0/1) D:4

Altars:
Sif Muna
Vehumet
Wu Jian
Xom
The Shining One

Shops:
D:3 [!*![

Annotations:
D:6 Jeremiah


Innate Abilities, Weirdness & Mutations

You have a pair of horns on your head.
You reflexively headbutt those who attack you in melee.
You are partially covered in iridescent scales. (AC +2)
Armour fits poorly on your strangely shaped body.
You are strong-willed. (Will+)
You expend magic power (3 MP) to strengthen your wands.


Message History

The orc warrior hits you but does no damage.
You hit the orc warrior. You burn the orc warrior.
The orc warrior is almost dead.
The orc warrior closely misses you.
You hit the orc warrior. You burn the orc warrior.
You kill the orc warrior!
The manticore flicks its tail.
The volley of spikes hits you!
The barbed spikes become lodged in your body.
The manticore flicks its tail.
The volley of spikes hits you!
The barbed spikes become lodged in your body.
It was a potion of mutation.
You feel extremely strange.
You feel your magical essence link to the dungeon's wands.
You feel strong-willed.
Your body twists and deforms.
Iridescent scales grow over part of your body.
It was a potion of invisibility.
You become transparent, but the glow from your halo prevents you from becoming completely invisible.
You slash the manticore! You burn the manticore.
The manticore is moderately wounded.
The manticore barely misses you.
The manticore claws you but does no damage. x2
You hit the manticore but do no damage.
You headbutt the manticore, but do no damage.
The manticore is moderately wounded.
The manticore bites you!
* * * LOW HITPOINT WARNING * * *
The manticore claws you.
* * * LOW HITPOINT WARNING * * *
The manticore closely misses you.
You hit the manticore but do no damage.
The manticore is moderately wounded.
The manticore bites you!
* * * LOW HITPOINT WARNING * * *
The manticore barely misses you.
The manticore claws you but does no damage.
It was a potion of resistance.
You feel protected. The manticore bites you.
You die...

#...# #...#
####...+
...>...####
#######.......
............##
...........<.#
..........#..#
........@.#..#
........)H##.#
.............#
.).......###.#
.........# ...
......(..#
.#.#
.......... #
#######+##


You could see a manticore.

Vanquished Creatures
  Pikel (D:6)
  Prince Ribbit (D:6)
  Eustachio (D:5)
  Menkaure (D:6)
  A water moccasin (D:6)
  Duvessa (D:5)
  An orc warrior (D:7)
  A sky beast (D:6)
  3 black bears (D:6)
  A centaur (D:5)
  2 lemures
  A phantom (D:5)
  3 scorpions
  Dowan (D:5)
  A howler monkey (D:2)
  6 hounds
  5 jellies
  2 orc priests (D:4)
  3 iguanas
  A sleepcap (D:4)
  5 orc wizards
  6 gnolls
  7 adders
  A shadow imp (D:3)
  2 worms
  3 dart slugs
  15 orcs
  9 ball pythons
  10 endoplasms
  3 giant cockroaches (D:1)
  4 goblins
  5 hobgoblins
  2 jackals (D:1)
  2 quokkas
  7 bats
  A frilled lizard (D:2)
  15 kobolds
  16 rats
150 creatures vanquished.

Notes
Turn   | Place    | Note
-------+----------+-------------------------------------------
     0 | D:1      | BinkBink the Minotaur Fighter began the quest for the Orb.
     0 | D:1      | Reached XP level 1. HP: 19/19 MP: 0/0
   141 | D:1      | Reached XP level 2. HP: 27/27 MP: 1/1
   451 | D:1      | Reached XP level 3. HP: 32/33 MP: 2/2
   966 | D:2      | Reached skill level 1 in Dodging
   975 | D:2      | Found a faded altar of an unknown god.
  1061 | D:2      | Reached XP level 4. HP: 41/41 MP: 3/3
  1508 | D:3      | Found Sudaus's Armour Shoppe.
  1544 | D:3      | Reached XP level 5. HP: 36/47 MP: 4/4
  1819 | D:3      | Found Regy's General Store.
  1820 | D:3      | Found Ziuqopro's Distillery.
  1829 | D:3      | Bought a potion of degeneration for 12 gold pieces
  1907 | D:3      | Found a glowing golden altar of the Shining One.
  1923 | D:3      | Found Gigg's Armour Boutique.
  1927 | D:3      | Found Moulokhloas's Distillery.
  1939 | D:3      | Became a worshipper of the Shining One
  2142 | D:3      | Reached skill level 5 in Fighting
  2142 | D:3      | Reached XP level 6. HP: 46/56 MP: 5/5
  2143 | D:3      | Reached skill level 5 in Shields
  2678 | D:4      | Found a staircase to the Ecumenical Temple.
  2691 | D:4      | Reached skill level 5 in Armour
  2877 | D:4      | Found an ornate altar of the Wu Jian Council.
  2877 | D:4      | Found a shimmering altar of Xom.
  2905 | D:4      | Reached XP level 7. HP: 46/61 MP: 6/6
  3319 | D:4      | Found a radiant altar of Vehumet.
  3321 | D:4      | Found a shimmering blue altar of Sif Muna.
  3431 | D:5      | Entered Level 5 of the Dungeon
  3453 | D:5      | Noticed Dowan
  3455 | D:5      | Noticed Duvessa
  3479 | D:5      | Killed Dowan
  3480 | D:5      | Reached skill level 5 in Axes
  3484 | D:5      | Killed Duvessa
  3590 | D:5      | Noticed Eustachio
  3604 | D:5      | Killed Eustachio
  3764 | D:5      | Reached XP level 8. HP: 71/71 MP: 7/7
  4367 | D:6      | Noticed Prince Ribbit
  4367 | D:6      | Reached * piety under the Shining One
  4367 | D:6      | Noticed Pikel
  4594 | D:6      | Noticed Menkaure
  4827 | D:6      | Killed Prince Ribbit
  4834 | D:6      | Killed Pikel
  4835 | D:6      | Reached XP level 9. HP: 66/81 MP: 8/8
  5092 | D:6      | Killed Menkaure
  5195 | D:6      | Noticed Jeremiah
  5438 | D:7      | Noticed a manticore
  5444 | D:7      | Gained mutation: You expend magic power (3 MP) to
                  | strengthen your wands. [potion of mutation]
  5444 | D:7      | Gained mutation: You are strong-willed. (Will+) [potion of
                  | mutation]
  5444 | D:7      | Gained mutation: Armour fits poorly on your strangely
                  | shaped body. [potion of mutation]
  5444 | D:7      | Gained mutation: You are partially covered in iridescent
                  | scales. (AC +2) [potion of mutation]
  5449 | D:7      | Slain by a manticore

Illustrated notes

Levels and vault maps discovered:
D:1:      dpeg_arrival_ratfight, layout_loops_ring
D:2:      layout_basic, shapermc_ecumenical_altar_notcrosses
D:3:      cheibrodos_fertilizer, layout_loops_corners,
          mainiacjoe_overflow_tiny_flanked, serial_shops, shop_fountains, shop,
          nicolae_shop_waterfront, nicolae_shop_behind_doors, shop,
          minmay_misc_feat_nine_boxes
D:4:      layout_loops_ring, nicolae_overflow_hidden_temple,
          minmay_temple_entry_sparse_star
D:5:      layout_basic, uniq_eustachio, uniq_duvessa
D:6:      layout_loops_ring, kennysheep_nub, minmay_ruined_shrine,
          uniq_prince_ribbit1, uniq_pikel, uniq_jeremiah, uniq_menkaure,
          uniq_crazy_yiuf_cottage
D:7:      layout_basic, mainiacjoe_overflow_alcove_2, uniq_joseph

Skill      XL: |  1  2  3  4  5  6  7  8  9 |
---------------+----------------------------+-----
Fighting       | 4 5 6 7 8 |  8.3
Shields        | 4 5 6 7 8 |  8.3
Armour         | 4 5 6 7 8 |  8.1
Axes           | 3 4 5 7 |  7.7
Dodging        | 1 2 3 4 |  4.7

Action                     |  1- 3 |  4- 6 |  7- 9 || total
---------------------------+-------+-------+-------++-------
  Melee: War axe           |    93 |   113 |     5 ||   211
         Headbutt          |    11 |    13 |    34 ||    58
         Hand axe          |       |       |   142 ||   142
    Use: Potion            |     1 |       |     3 ||     4
 Armour: Scale mail        |    43 |       |       ||    43
         Fire dragon scale |    12 |    84 |    91 ||   187
  Dodge: Dodged            |    48 |    55 |    68 ||   171
  Block: Buckler           |    15 |    25 |    24 ||    64

Table legend: (Time is in decaauts)
 A = Elapsed time spent in this place.
 B = Non-inter-level travel time spent in this place.
 C = Inter-level travel time spent in this place.
 D = Time resting spent in this place.
 E = Time spent auto-exploring this place.
 F = Levels seen in this place.
 G = Mean time per level.
                   A        B        C        D        E       F      G
               +--------+--------+--------+--------+--------+-----+--------+
         Total |   5525 |   5166 |    359 |      0 |   4120 |   7 |  789.3 |
       Dungeon |   5525 |   5166 |    359 |      0 |   4120 |   7 |  789.3 |
               +--------+--------+--------+--------+--------+-----+--------+

Top non-repeatable levels by time:
     D:5: 1334 daAuts
     D:3: 1212 daAuts
     D:4: 804 daAuts
     D:1: 776 daAuts
     D:2: 711 daAuts
     D:6: 665 daAuts
     D:7: 21 daAuts
